AoeStats
← Shredded_Pork

Pilgrims

507065449Analyzed
4v4 RM · 15d ago on Sep 16, 2026· 28m 53s· 8 players
Game mode
Random Map
Map size
Large (8 player)
Population
200
Speed
Normal
Resources
Standard
Victory
Conquest
Starting age
Dark Age
Ending age
Imperial Age
RankedLock teamsTeams togetherTeam positionsShared explorationLock speedFull tech treeHidden civsTurbo modeCheats
Victory
Defeat
🇫🇷 Huns · France
716
+9
🇺🇸 Britons · United States
667
+10
🇩🇪 Koreans · Germany
663
+10
🇬🇧 Spanish · United Kingdom
646
+11
🇹🇷 Slavs · Türkiye
651
-14
🇨🇳 Hindustanis · China
647
-13
🇨🇱 Malay · Chile
477
-8
🇨🇳 Slavs · China
377
-5
maximo.cmd
4:01 Loom
20:16 Feudal Age
20:49 Wheelbarrow
25:18 Man-at-Arms
25:45 Arson
canbomexes
Shredded_Pork
Elite Savage
Sauce_Tycoon710
4:04 Loom
12:25 Feudal Age
13:03 Double-Bit Axe
13:01 Horse Collar
14:27 Man-at-Arms
19:28 Gold Mining
26:48 Castle Age
Walls vs Zombies 2009
Pain
13:58 Feudal Age
12:14 Loom
14:35 Double-Bit Axe
15:30 Wheelbarrow
14:47 Fishing Lines
15:24 Gold Mining
15:29 Stone Mining
22:19 Castle Age
21:54 Forging
21:50 Scale Barding Armor
22:32 Bloodlines
24:34 Hand Cart
24:18 Gillnets
24:41 Medium Warships
24:38 Husbandry
26:52 Stone Shaft Mining
26:32 Bow Saw
26:46 Caravan
KRM Draykon
14:10 Feudal Age
21:15 Castle Age
23:16 Scale Barding Armor
23:22 Forging
24:43 Husbandry
24:54 Bloodlines
25:47 Horse Collar
Connection lost

Rejoining the realm…

Still unreachable

The connection could not be restored.

Session expired

The server has moved on; the page needs a fresh start.